Unix NetHack Version 3.7.0-102 Work-in-progress - last build Apr 7 2024 00:22:53 (d302a6a9ff6341f1a922d8f5af178406b35fdf99,branch:master). Game began 2024-04-19 21:01:52, ended 2024-04-19 21:36:40. Zega, lawful male human Samurai ----- ------- |%..------ --|.....| |........| |.+.....| |.....0..| |-|.....|-- -------%---- |.+.....+.| |.0.0...0.-- |-|.....|.| |.....0..0.| |.+.....|.| |.0..0.0...| --|.....|.| -----f-------- ------|.| |.....@......| |.| |.0...0..0.0.| |.| --------%----| |.| |.0.0.0.0.0.| |.| |.%.........| |.| -------%------ |.| |.......----------------.| |>......^^^^^^^^^%^^^^^^.| -------------------------- Zega the Ninja St:16 Dx:16 Co:18 In:9 Wi:9 Ch:10 Lawful S:4421 Dlvl:2 $:139 HP:0(72) Pw:24(24) AC:3 Xp:7/993 T:3266 Latest messages: You swap places with the peaceful dwarf. i - a black onyx ring. Wait! That's a giant mimic! You hit the giant mimic! You hit the giant mimic! You miss the giant mimic. You kill the giant mimic! You see here a giant mimic corpse. With great effort you move the boulder. You stop. The dwarf is in the way! You hear a sound reminiscent of an elephant stepping on a peanut. In what direction? j Really attack the dwarf? [yn] (n) y The dwarf gets angry! You kick the dwarf. The dwarf wields a dagger! You hit the dwarf! The dwarf thrusts her dagger. The dwarf hits! You hear a door open. You kill the dwarf! k - a pair of iron shoes. m - a dwarvish cloak. You hear a door open. With great effort you move the boulder. With great effort you move the boulder. With great effort you move the boulder. With great effort you move the boulder. You are carrying too much to get through. The lynx hits! The lynx hits again! The lynx bites! You hit the lynx! The lynx hits! The lynx hits again! The lynx bites! The lynx hits! The lynx hits again! The lynx bites! What do you want to write with? [- acdgijuxBKPQVYZ or ?*] - You write in the dust with your fingertip. What do you want to write in the dust here? Elbereth What do you want to write with? [- acdgijuxBKPQVYZ or ?*] - You write in the dust with your fingertip. What do you want to write in the dust here? Elbereth The lynx hits! The lynx hits again! The lynx bites! You die... Do you want your possessions identified? [ynq] (y) q Inventory: Coins $ - 139 gold pieces Weapons d - 42 +0 ya (in quiver) c - a +0 yumi B - the blessed rustproof +0 Excalibur (weapon in right hand) a - a +0 katana (alternate weapon; not wielded) Armor o - an uncursed +0 orcish helm (being worn) k - an uncursed +0 pair of iron shoes m - an uncursed +0 dwarvish cloak L - an uncursed +0 mummy wrapping e - an uncursed rustproof +0 splint mail (being worn) Comestibles J - an uncursed carrot I - an uncursed fortune cookie U - an uncursed gunyoki h - 2 uncursed melons b - an uncursed pear y - an uncursed egg Spellbooks N - a blessed spellbook of healing Rings Q - a blessed +2 ring of gain strength j - a blessed +1 ring of gain strength Y - a blessed +1 ring of increase accuracy i - a cursed ring of polymorph K - an uncursed ring of see invisible g - a cursed ring of shock resistance Wands P - a wand of cancellation (0:6) Z - a wand of light (0:13) V - a wand of secret door detection (0:10) Tools l - an uncursed oil lamp (lit) q - a +0 unicorn horn Gems/Stones u - an uncursed worthless piece of black glass x - an uncursed worthless piece of orange glass Zega the Samurai's attributes: Background: You were a Ninja, a level 7 male human Samurai. You were lawful, nominally on a mission for Amaterasu Omikami who was opposed by Raijin (neutral) and Susanowo (chaotic). You were right-handed. You were in Sokoban, on level 2. You entered the dungeon 3266 turns ago. You had 993 experience points, 287 more were needed to attain level 8. Your score was 4421 before end-of-game adjustments. Basics: You had 0 out of 72 hit points. You had all 24 energy points (spell power). Your armor class was 3. Your wallet contained 139 zorkmids. Autopickup was on for '$"=/!?' plus thrown. Final Characteristics: Your strength was 16 (limit:18/100). Your dexterity was 16 (limit:18). Your constitution was 18 (limit:18). Your intelligence was 9 (limit:18). Your wisdom was 9 (limit:18). Your charisma was 10 (limit:18). Final Status: You weren't hungry. You were unencumbered. You were wielding a long sword. You were skilled in long sword. Final Attributes: You were fervently aligned. You were level-drain resistant. You had automatic searching. You were warded. You were fast. You are dead. Miscellaneous: You disabled loading of bones levels. Total elapsed playing time was 34 minutes and 47 seconds. Major events: Turn 1: Zega the lawful male human Samurai entered the dungeon 584: entered the Gnomish Mines 636: attained the rank of Ronin (level 3) 1559: received Excalibur from a strange woman laying about in a pond 1654: attained the rank of Ninja (level 6) 1916: entered Sokoban 2164: completed 1st Sokoban level 2609: completed 2nd Sokoban level 2973: completed 3rd Sokoban level 3266: killed by a lynx Vanquished creatures: 2 giant mimics a large mimic 2 small mimics an ettin zombie a quivering blob a leprechaun a giant spider a gnome ruler a dog a gray unicorn a snake a fire ant 2 fog clouds a violet fungus a gnomish wizard a kobold mummy 2 ghouls 2 giant ants 2 little dogs 2 kittens a dwarf a homunculus a monkey 11 manes a yellow mold a green mold 6 gnomes 3 geckos 4 jackals 2 goblins 6 grid bugs a bat 2 lichens a newt 68 creatures vanquished. No species were genocided or became extinct. Voluntary challenges: You were an atheist. You read items or engraved 10 times. You engraved Elbereth 7 times. You never genocided any monsters. You never polymorphed an object. You never changed form. You used no wishes. You did not violate any of the special Sokoban rules. Achievements: You entered a shop. You entered the Gnomish Mines. You attained the rank of Ronin. You attained the rank of Ninja. You entered Sokoban. The Dungeons of Doom: levels 1 to 7 Level 1: Level 2: Level 3: Stairs down to The Gnomish Mines. Level 4: "chest1" A sink. Level 5: Many fountains. Oracle of Delphi. Level 6: A fountain, a grave. Stairs up to Sokoban, level 5. Level 7: The Gnomish Mines: levels 4 to 5 Level 4: Level 5: Sokoban: levels 5 up to 2 Level 2: <- You were here. Unsolved. Final resting place for you, killed by a lynx. Level 3: Solved. Level 4: Solved. Level 5: Solved. Game over: ---------- / \ / REST \ / IN \ / PEACE \ / \ | Zega | | 139 Au | | killed by a lynx | | | | | | | | 2024 | *| * * * | * _________)/\\_//(\/(/\)/\//\/|_)_______ Sayonara Zega the Samurai... You died in Sokoban on dungeon level 2 with 4408 points, and 139 pieces of gold, after 3266 moves. You were level 7 with a maximum of 72 hit points when you died.